 Dungeon Sprint DCSS version 0.24-a0-581-gc0fa660 (webtiles) character file.

Game seed: 10300465822972210392

7935 Faca the Crack Shot (level 11, -2/90 HPs)
             Began as a Centaur Hunter on Aug 22, 2019.
             Was the Champion of Dithmenos.
             Slain by a tarantella (10 damage)
             ... in the Dungeon (Sprint V: "Ziggurat Sprint").
             The game lasted 00:08:32 (1325 turns).

Faca the Crack Shot (Centaur Hunter)                Turns: 1325, Time: 00:08:32

Health: -2/90      AC: 13    Str: 31    XL:     11   Next: 3%
Magic:  17/19      EV:  4    Int: 13    God:    Dithmenos [******]
Gold:   0          SH:  0    Dex:  7    Spells: 10/10 levels left

rFire    . . .     SeeInvis .   H - +8 storm bow {elec, penet}
rCold    . . .     Gourm    .   (shield currently unavailable)
rNeg     . . .     Faith    .   r - +5 storm dragon scales
rPois    .         Spirit   .   c - +1 helmet {Int+3}
rElec    +         Reflect  .   (no cloak)
rCorr    .         Harm     .   (no gloves)
MR       .....     NoTele   +   (no barding)
Stlth    ..........             (no amulet)
HPRegen  0.25/turn              C - +6 ring of strength
MPRegen  0.16/turn              D - +6 ring of strength

@: lethally poisoned (-2 -> -51), corroded, held, wreathed by umbra, very quick
A: large, hooves 3, clumsy 1, deformed body, speed 2, frail 2, tough skin 3
a: Shadow Step, Shadow Form, Renounce Religion


You were in the Dungeon.
You worshipped Dithmenos.
Dithmenos was exalted by your worship.
You were not hungry.

You visited 1 branch

Inventory:

Hand Weapons
 H - the +8 storm bow (weapon) {elec, penet}
   (You found it in the Dungeon)

   It charges the ammunition it shoots with electricity; occasionally upon a
   hit, such missiles may discharge and cause terrible harm.
   Ammo fired by it will pass through the targets it hits, potentially hitting
   all targets in its path until it reaches maximum range.
Missiles
 d - 989 arrows (quivered)
Armour
 a - +5 gold dragon scales
 c - a +1 helmet of intelligence (worn)
 r - +5 storm dragon scales (worn)
Jewellery
 x - an uncursed ring of flight
 y - a +6 ring of dexterity
 z - a +6 ring of dexterity
 A - a +6 ring of intelligence
 B - a +6 ring of intelligence
 C - a +6 ring of strength (left hand)
 D - a +6 ring of strength (right hand)
 J - the ring of Dosin {Wiz rF+++ MR+ Str+3 Slay-6}
   (You found it in the Dungeon)

   [ring of wizardry]

   It improves your spell success rate.
   It affects your strength (+3).
   It affects your accuracy and damage with ranged weapons and melee attacks
   (-6).
   It renders you almost immune to fire.
   It affects your resistance to hostile enchantments.
 K - an uncursed amulet of guardian spirit
Wands
 E - a wand of disintegration (7)
 F - a wand of iceblast (7)
 G - a wand of acid (7)
Scrolls
 b - 4 scrolls of amnesia
 k - 4 scrolls of blinking
 s - 7 scrolls of fog
 t - a scroll of holy word
 u - 5 scrolls of identify
 v - 5 scrolls of remove curse
 w - 2 scrolls of fear
 L - 2 scrolls of brand weapon
Potions
 e - a potion of curing
 g - 11 potions of heal wounds
 h - 6 potions of haste
 i - 7 potions of magic
 j - 3 potions of berserk rage
 l - 2 potions of brilliance
 m - 2 potions of invisibility
 n - 4 potions of resistance
 p - 5 potions of agility
 q - 7 potions of might
Miscellaneous
 I - 2 phantom mirrors
Comestibles
 f - 7 rations


   Skills:
 + Level 15.5 Fighting
 + Level 21.2 Bows
 - Level 5.5 Armour
 - Level 1.3 Dodging
 - Level 0.4 Stealth
 + Level 11.2 Invocations


You had 10 spell levels left.
You didn't know any spells.
Your spell library contained the following spells:

 Spells                   Type           Power        Failure   Level  Hunger
 Blink                    Tloc           N/A          91%         2    ###....
 Shroud of Golubria       Chrm/Tloc      #.....       91%         2    ###....
 Gell's Gravitas          Tloc           #.........   99%         3    ####...
 Lesser Beckoning         Tloc           #.........   99%         3    ####...
 Recall                   Summ/Tloc      N/A          99%         3    ####...
 Teleport Other           Tloc           #.......     99%         3    ####...
 Animate Dead             Necr           N/A          100%        4    #####..
 Passage of Golubria      Tloc           N/A          100%        4    #####..
 Borgnjor's Vile Clutch   Necr/Erth      #.........   100%        5    ######.
 Death Channel            Necr           #.........   100%        6    #######
 Simulacrum               Ice/Necr       #.........   100%        6    #######
 Dragon Form              Tmut           #.........   100%        7    #######
 Orb of Destruction       Conj           #.........   100%        7    #######
 Ring of Flames           Chrm/Fire      #.........   100%        7    #######
 Spellforged Servitor     Conj/Summ      #.........   100%        7    #######


Dungeon Overview and Level Annotations

Branches:
Dungeon (1/1)

Altars:
Ashenzari
Cheibriados
Dithmenos
Elyvilon
Fedhas
Gozag
Hepliaklqana
Kikubaaqudgha
Makhleb
Nemelex Xobeh
Okawaru
Qazlal
Ru
Sif Muna
Trog
Uskayaw
Vehumet
Wu Jian
Xom
Yredelemnul
Zin
The Shining One
Beogh
Jiyva
Lugonu


Innate Abilities, Weirdness & Mutations

You have hooves in place of feet.
Armour fits poorly on your strangely shaped body.
You cover ground very quickly.
You have extremely tough skin. (AC +3)
You are clumsy. (Dex -2)
You are very frail. (-20% HP)


Message History

Firing (i - inventory)
d - 990 arrows (quivered)
Press: ? - help, Shift-Dir - straight line, f/p - jumping spider
Aim: a jumping spider (black smoke, severely wounded, clinging, umbra)
You shoot an arrow.
The arrow closely misses the jumping spider.
Your shadow shoots an arrow.
The arrow hits the jumping spider.
The arrow disappears in a puff of smoke!
You feel very sick. The jumping spider pounces on you.
You are caught in a web!
The jumping spider bites you but does no damage.
The entropy weaver hits you.
* * * LOW HITPOINT WARNING * * *
The entropy weaver hits you!
* * * LOW HITPOINT WARNING * * *
The entropy weaver hits you!
* * * LOW HITPOINT WARNING * * *
The entropy weaver hits you.
* * * LOW HITPOINT WARNING * * *
You emit a cloud of dark smoke.
The tarantella bites you!
You die...

▓...[}|"..▓
▓(()"("=..▓...:[.[..▓
▓(........▓.........▓
▓.........▓.........▓
▓(.†.†.§..▓.........▓
▓....§..s.▓....)....▓
▓..s§§§...▓....†....▓
▓.▓§*sa§▓.▓...)©....▓
▓..§s@§§..▓▓▓▓▓▓▓▓▓▓▓
▓▓▓▓▓▓▓▓▓▓▓


You could see an entropy weaver, 2 orb spiders, a jumping spider and a
tarantella.

Vanquished Creatures
  An entropy weaver (D)
  A spriggan druid (D)
  A wolf spider (D)
  A moth of wrath (D)
  A large abomination (D)
  4 rime drakes (D)
  A jumping spider (D)
  3 slime creatures (D)
  2 redbacks (D)
  2 tarantellas (D)
  8 spriggans (D)
  2 golden eyes (D)
  A steam dragon (D)
  2 floating eyes (D)
  3 swamp drakes (D)
  2 phantoms (D)
  2 black bears (D)
  2 ice beasts (D)
  A necrophage (D)
  2 wolves (D)
  2 scorpions (D)
  2 wights (D)
  A jelly (D)
  A shadow imp (D)
  2 white imps (D)
  An ufetubus (D)
  An ooze (D)
  An adder skeleton (D)
  A bat skeleton (D)
  A bat zombie (D)
  A bat simulacrum (D)
  A giant cockroach zombie (D)
  A leopard gecko zombie (D)
  A quokka simulacrum (D)
  A quokka skeleton (D)
60 creatures vanquished.

Vanquished Creatures (others)
  Erolcha (D)
  Erica (D)
  Blork the orc (D)
  Jessica (D)
4 creatures vanquished.

Grand Total: 64 creatures vanquished

Notes
Turn   | Place    | Note
-------+----------+-------------------------------------------
     0 | D        | Faca the Centaur Hunter began the quest for the Orb.
     0 | D        | Reached XP level 1. HP: 17/17 MP: 1/1
     0 | D        | Found a shimmering blue altar of Sif Muna.
     0 | D        | Found a sacrificial altar of Ru.
     0 | D        | Found a bloodstained altar of Trog.
     0 | D        | Found a stormy altar of Qazlal.
     0 | D        | Found an iron altar of Okawaru.
     0 | D        | Found a sparkling altar of Nemelex Xobeh.
     0 | D        | Found a blossoming altar of Fedhas.
     1 | D        | Found the +6 Majin-Bo {vamp, Archmagi MP+6 Int+6}
     1 | D        | Found the +7 great mace "Firestarter" {inner flame, rF++}
     1 | D        | Killed Jessica
     2 | D        | Reached skill level 10 in Bows
     2 | D        | Reached XP level 2. HP: 24/24 MP: 2/2
     3 | D        | Found a transporter.
     3 | D        | Found a viscous altar of Jiyva.
     3 | D        | Found an ancient bone altar of Kikubaaqudgha.
     3 | D        | Found a hazy altar of Hepliaklqana.
     3 | D        | Found a corrupted altar of Lugonu.
     3 | D        | Found an opulent altar of Gozag.
     3 | D        | Found a burning altar of Makhleb.
     4 | D        | Killed Blork the orc
     8 | D        | Killed Erica
    50 | D        | Found the +6 shillelagh "Devastator" {shatter}
    50 | D        | Found the +11 plutonium sword {*Contam Stlth-}
    50 | D        | Found the +8 lance "Wyrmbane" {slay drac, rPois rF+ rC+
                  | AC+3}
    50 | D        | Found the +9 sword of Zonguldrok {reap}
    50 | D        | Found the cursed +13 scythe of Curses {drain, *Curse}
    50 | D        | Found the +0 sword of Power
    50 | D        | Found the +7 mace of Variability {chain chaos}
    50 | D        | Found the +7 Singing Sword {slice, sonic wave}
    50 | D        | Found the +8 storm bow {elec, penet}
    62 | D        | Became a worshipper of Xom of Chaos
    76 | D        | Fell from the grace of Xom
    76 | D        | Became a worshipper of Dithmenos the Shadowed
    94 | D        | Entered arena 2.
    94 | D        | Found a transporter.
    96 | D        | Reached skill level 11 in Bows
   106 | D        | Entered arena 3.
   106 | D        | Noticed a scorpion
   106 | D        | Noticed a scorpion
   106 | D        | Noticed a jumping spider
   106 | D        | Found a transporter.
   116 | D        | Killed a jumping spider
   116 | D        | Reached * piety under Dithmenos
   116 | D        | Reached skill level 13 in Bows
   116 | D        | Reached XP level 3. HP: 34/39 MP: 3/3
   116 | D        | Reached XP level 4. HP: 41/47 MP: 4/4
   116 | D        | Reached XP level 5. HP: 46/52 MP: 5/5
   118 | D        | Reached skill level 14 in Bows
   118 | D        | Reached XP level 6. HP: 52/61 MP: 6/6
   233 | D        | Killed Erolcha
   309 | D        | Entered arena 4.
   309 | D        | Noticed a large abomination
   309 | D        | Found a transporter.
   311 | D        | Reached ** piety under Dithmenos
   317 | D        | Killed a large abomination
   317 | D        | Reached skill level 10 in Fighting
   317 | D        | Reached skill level 16 in Bows
   317 | D        | Reached XP level 7. HP: 67/73 MP: 7/7
   341 | D        | Got the ring of Elyvilon's Envy {EV+3 Str+3}
   392 | D        | Entered arena 5.
   392 | D        | Noticed a slime creature
   392 | D        | Noticed a golden eye
   392 | D        | Noticed a slime creature
   392 | D        | Found a transporter.
   394 | D        | Reached *** piety under Dithmenos
   394 | D        | Reached skill level 1 in Armour
   408 | D        | Killed a golden eye
   410 | D        | Killed a slime creature
   410 | D        | Reached XP level 8. HP: 40/82 MP: 8/8
   413 | D        | Killed a slime creature
   413 | D        | Reached **** piety under Dithmenos
   413 | D        | Reached skill level 17 in Bows
   564 | D        | XOM: harmless Chrm miscast
   673 | D        | Got the ring of Dosin {Wiz rF+++ MR+ Str+3 Slay-6}
   684 | D        | Entered arena 6.
   684 | D        | Found a transporter.
   692 | D        | Reached ***** piety under Dithmenos
   716 | D        | Got Qoky's Last Secrets of Thaumaturgy
   719 | D        | Entered arena 7.
   719 | D        | Noticed a slime creature
   719 | D        | Noticed a slime creature
   724 | D        | Paralysed by a floating eye for 4 turns
   731 | D        | Killed a large slime creature
   731 | D        | Reached skill level 18 in Bows
   731 | D        | Reached skill level 5 in Armour
   731 | D        | Reached XP level 9. HP: 69/91 MP: 9/9
   823 | D        | Found a transporter.
   838 | D        | Entered arena 8.
   838 | D        | Noticed a spriggan druid
   840 | D        | Killed a spriggan druid
   846 | D        | Reached ****** piety under Dithmenos
   846 | D        | Reached skill level 5 in Invocations
   848 | D        | Reached skill level 19 in Bows
   850 | D        | Found a transporter.
   883 | D        | Entered arena 9.
   894 | D        | Reached XP level 10. HP: 88/102 MP: 13/15
   897 | D        | Found a transporter.
   911 | D        | Got the ring "Wiolannu" {Int+3 Stlth+}
   924 | D        | Entered arena 10.
   935 | D        | Reached skill level 20 in Bows
   954 | D        | Found a transporter.
   968 | D        | XOM: give mutations
   968 | D        | Gained mutation: You are clumsy. (Dex -2) [Xom's mischief]
   968 | D        | Gained mutation: You are frail. (-10% HP) [Xom's mischief]
   968 | D        | Gained mutation: You are very frail. (-20% HP) [Xom's
                  | mischief]
  1087 | D        | Entered arena 11.
  1087 | D        | Noticed a wolf spider
  1093 | D        | Killed a wolf spider
  1225 | D        | Found a transporter.
  1310 | D        | Entered arena 12.
  1310 | D        | Noticed a moth of wrath
  1310 | D        | Noticed an orb spider
  1310 | D        | Noticed an orb spider
  1310 | D        | Noticed an entropy weaver
  1314 | D        | Reached skill level 15 in Fighting
  1314 | D        | Reached skill level 10 in Invocations
  1314 | D        | Noticed an entropy weaver
  1316 | D        | Killed a moth of wrath
  1319 | D        | Killed an entropy weaver
  1319 | D        | Reached skill level 21 in Bows
  1319 | D        | Reached XP level 11. HP: 68/90 MP: 17/19
  1325 | D        | Slain by a tarantella

Levels and vault maps discovered:
D:        sprint_v [room_start, room_1, room_2, room_3, room_4, room_5, room_6,
          room_7, room_8, room_9, room_10, room_11, room_12, room_13, room_14,
          room_15, room_16, room_17, room_18, room_19, room_20, room_21,
          room_22, room_23, room_24, room_25, room_26, room_27]

Skill      XL: |  1  2  3  4  5  6  7  8  9 10 |
---------------+-------------------------------+-----
Bows           | 10 13 14 16 18 19 21 | 21.2
Fighting       | 7 8 10 11 12 13 15 | 15.5
Armour         | 3 5 |  5.5
Invocations    | 7 11 | 11.2
Dodging        | |  1.3
Stealth        | |  0.4

Action                   |  1- 3 |  4- 6 |  7- 9 | 10-12 || total
-------------------------+-------+-------+-------+-------++-------
Melee: Longbow           |       |       |       |     1 ||     1
       Kick              |       |       |       |     1 ||     1
 Fire: Shortbow          |    10 |    10 |       |       ||    20
       Longbow           |       |     3 |    59 |    52 ||   114
  Use: Potion            |     3 |       |     6 |     4 ||    13
  Eat: Chunk             |       |       |       |     1 ||     1
Armor: Storm dragon scal |     9 |     7 |    20 |    42 ||    78
Dodge: Dodged            |     4 |     4 |    24 |    32 ||    64

Table legend:
 A = Non-vault XP
 B = Vault XP
 C = Vault XP percentage of total XP
 D = Non-vault monster count
 E = Vault monster count
 F = Vault count percentage of total count
                 A         B        C        D         E       F
            +---------+---------+-------+---------+---------+-------
      Total |       0 |   11325 | 100.0 |       0 |      60 | 100.0
            +---------+---------+-------+---------+---------+-------
          D |       0 |   11325 | 100.0 |       0 |      60 | 100.0
            +---------+---------+-------+---------+---------+-------
